 Dungeon Crawl Stone Soup version 0.28.0-53-g5a82cb258f (webtiles) character file.

Game seed: 16991922945362930959

4355 infcreate the Covert (level 10, 46/50 HPs)
             Began as a Vampire Enchanter on July 28, 2022.
             Quit the game in a bailey.
             The game lasted 00:27:35 (9874 turns).

infcreate the Covert (Vampire Enchanter)            Turns: 9874, Time: 00:27:35

Health: 46/50      AC:  7    Str:  7    XL:     10   Next: 12%
Magic:  6/19       EV: 16    Int: 19    God:
Gold:   527        SH:  0    Dex: 18    Spells: 10/21 levels left

rFire   . . .      SeeInvis +   s - +1 dagger (speed)
rCold   + + .      Faith    .   (no shield)
rNeg    + + +      Spirit   .   b - +1 robe
rPois   ∞          Reflect  .   i - +1 helmet
rElec   .          Harm     .   (no cloak)
rCorr   .          Rampage  .   (no gloves)
Will    +....                   t - +1 pair of boots
Stlth   +++++++...              (no amulet)
HPRegen 0.00/turn               L - ring of flight
MPRegen 0.16/turn               (no ring)

@: flying, bloodless, inhibited regen
A: bloodless, fangs 3, see invisible, vampiric 2
a: Bat Form, Revivify


You were in a bailey.
You visited 1 branch of the dungeon, and saw 8 of its levels.
You also visited: Sewer and Bailey.

You collected 527 gold pieces.


Innate Abilities, Weirdness & Mutations

You do not regenerate when monsters are visible.
You are frail without blood (-20% HP).
You can heal yourself when you bite living creatures.
You are immune to poison.
You have razor-sharp teeth.
You have supernaturally acute eyesight. (SInv)
You are afflicted with vampirism and can become a bat while bloodless.


   Skills:
 + Level 7.2 Short Blades
 + Level 7.6 Dodging
 + Level 11.1 Stealth
 + Level 6.3 Spellcasting
 + Level 10.3 Hexes


You had 10 spell levels left.
You knew the following spells:

 Your Spells              Type           Power      Damage    Failure   Level
c - Confusing Touch       Hex            45%        N/A       1%          3
d - Tukima's Dance        Hex            45%        N/A       1%          3
e - Ensorcelled Hibernat  Hex/Ice        50%        N/A       1%          2
f - Dazzling Flash        Conj/Hex       50%        N/A       3%          3

Your spell library contained the following spells:

 Spells                   Type           Power      Damage    Failure   Level
 Anguish                  Hex/Necr       12%        N/A       13%         4
 Gell's Gravitas          Tloc           6%         N/A       32%         3
 Lesser Beckoning         Tloc           6%         N/A       32%         3
 Spider Form              Tmut/Pois      6%         N/A       32%         3
 Teleport Other           Tloc           6%         N/A       32%         3

Inventory:

Hand Weapons
 s - a +1 dagger of speed (weapon)
Armour
 b - a +1 robe (worn)
 i - a +1 helmet (worn)
 t - a +1 pair of boots (worn)
Jewellery
 L - a ring of flight (left hand)
Wands
 x - a wand of digging (6)
 y - a wand of charming (5)
Scrolls
 g - a scroll of enchant weapon
 h - 3 scrolls of vulnerability
 m - 2 scrolls of teleportation {@r2}
 n - a scroll of fog
 r - 2 scrolls of torment
 u - 3 scrolls of fear
Potions
 a - 3 potions of curing {unknown}
 c - a potion of invisibility
 j - a potion of resistance {unknown}
 l - 2 potions of berserk rage {!q}
 o - 3 potions of brilliance
 p - a potion of cancellation {unknown}
 q - a potion of lignification {unknown}
 z - a potion of attraction {unknown}
 A - a potion of haste {unknown}

Dungeon Overview and Level Annotations

Branches:
Dungeon (8/15)             Temple (0/1) D:6           Sewer (visited)
 Bailey (1/1)
   Lair: D:8-11

Altars:
Gozag
Makhleb
Qazlal
Wu Jian
Yredelemnul

Annotations:
D:6 3 runed translucent doors, zoefcunningham's ghost, novice MiBe
D:7 Dowan; Harold

▒▒▒'▒▒▒ ▒▒..(..▒▒
▒...8...▒ ▒∩)o.K!∩▒
▒.....▒ ▒▒▒▒'''▒▒▒▒
▒▒≈.......≈▒▒
▒▒▒▒▒)).......≈≈▒▒▒▒
▒..@Ko≈.......≈≈....
▒.▒▒▒o≈.......≈≈▒▒▒.
▒....≈o.......≈≈....
▒.▒▒▒≈≈.......≈≈▒▒▒.
▒....≈≈.......≈≈....
▒.▒▒▒≈≈.......≈≈▒▒▒.
▒....≈≈.......≈≈....
▒.▒▒▒≈≈.......≈≈▒▒▒.
▒....≈≈.......≈≈....


You could see an orc knight (confused), 2 orc warriors and a kobold brigand.


Message History

You hit the kobold brigand.
You bite the kobold brigand, but do no damage.
The kobold brigand is moderately wounded.
The kobold brigand hits you with a +0 war axe!
You hit the kobold brigand but do no damage.
The kobold brigand is moderately wounded.
You hit the kobold brigand but do no damage.
The kobold brigand is moderately wounded.
The kobold brigand closely misses the orc warrior.
The kobold brigand hits you with a +0 war axe.
You strike the helpless kobold brigand from behind!
You bite the kobold brigand, and draw its blood!
You feel better.
You perforate the kobold brigand like a sieve!!!
You kill the kobold brigand!
Casting: Confusing Touch (safe; 1% risk of failure)
Confirm with . or Enter, or press ? or * to list all spells.
Your hands begin to glow red.
You closely miss the orc knight. Your bite misses the orc knight.
The orc warrior no longer looks unusually strong.
You hit the orc knight but do no damage.
The orc knight appears confused.
You bite the orc knight, but do no damage.
You hit the orc knight but do no damage.
Your punch misses the orc knight. You closely miss the orc knight.
The orc knight misses you.
You hit the orc knight but do no damage.
You hit the orc knight but do no damage.
You punch the orc knight, but do no damage.
Are you sure you want to abandon this character and quit the game? (Confirm with "yes".)

Skill      XL: |  1  2  3  4  5  6  7  8  9 |
---------------+----------------------------+-----
Stealth        | 5 6 7 9 11 | 11.1
Short Blades   | 2 3 4 5 7 |  7.2
Hexes          | 5 6 7 8 10 | 10.3
Dodging        | 3 4 5 6 7 |  7.6
Spellcasting   | 3 4 5 6 |  6.3

Action                   |  1- 3 |  4- 6 |  7- 9 | 10-12 || total
-------------------------+-------+-------+-------+-------++-------
Melee: Dagger            |    58 |   157 |   322 |    32 ||   569
       Bite              |     6 |    13 |    60 |     7 ||    86
       Punch             |     1 |     1 |     4 |     1 ||     7
 Cast: Ensorcelled Hiber |    12 |    32 |    34 |       ||    78
       Confusing Touch   |     2 |    12 |    35 |     4 ||    53
       Tukima's Dance    |       |     6 |     5 |       ||    11
 Abil: Exsanguinate      |     1 |       |       |       ||     1
  Use: Scroll            |       |     6 |    11 |       ||    17
 Stab: Sleeping          |    17 |    34 |    23 |       ||    74
       Confused          |     1 |     6 |    35 |     2 ||    44
Armor: Robe              |     5 |    30 |    40 |     4 ||    79
Dodge: Dodged            |    25 |    75 |   132 |    10 ||   242

Levels and vault maps discovered:
D:1:      matt_arrival_grand_opening, layout_rooms, serial_corexii_hall,
          corexii_hall_statues_x, chequers_hall_statues_y,
          basic_ecumenical_altar
D:2:      layout_loops_cross, minmay_statues_item
D:3:      layout_loops_ring, amcnicky_altar_gilded,
          mainiacjoe_overflow_alcove_2, chequers_serial_rivers_room_b,
          ebering_dispersal_statue_hall
D:4:      layout_loops_ring, gup_sewer_entry_spiral, hangedman_decor_push
D:5:      cheibrodos_barr_body, layout_rooms, nicolae_qazlal_general_emergency
D:6:      layout_loops_corners, minmay_temple_entry_from_below_a,
          gammafunk_ghost_icy, minmay_misc_feat_plants, minmay_misc_feat_alley,
          uniq_menkaure
D:7:      layout_basic, mainiacjoe_overflow_concentric_impassable,
          bloody_makhleb, minmay_misc_feat_roman, uniq_duvessa, uniq_harold,
          uniq_joseph
D:8:      layout_loops_ring, erik_lair_dragon, enter_bailey_8
Bailey:   bailey_axe_3, bailey

Notes
Turn   | Place    | Note
-------+----------+-------------------------------------------
     0 | D:1      | infcreate the Vampire Enchanter began the quest for the
                  | Orb.
     0 | D:1      | Reached XP level 1. HP: 13/13 MP: 3/3
   399 | D:1      | Reached XP level 2. HP: 14/15 MP: 5/5
   402 | D:1      | Learned a level 2 spell: Ensorcelled Hibernation
   723 | D:1      | Found a faded altar of an unknown god.
  1182 | D:2      | Gained mutation: You are afflicted with vampirism and can
                  | become a bat while bloodless. [Vampire growth]
  1182 | D:2      | Reached XP level 3. HP: 19/19 MP: 3/6
  1186 | D:2      | Learned a level 3 spell: Confusing Touch
  1245 | D:2      | Reached skill level 5 in Stealth
  1337 | D:2      | Reached skill level 2 in Short Blades
  1405 | D:2      | Reached skill level 5 in Hexes
  1679 | D:2      | Reached XP level 4. HP: 24/24 MP: 7/7
  1683 | D:2      | Learned a level 3 spell: Tukima's Dance
  1972 | D:3      | Reached skill level 3 in Dodging
  2225 | D:3      | Found an ornate altar of the Wu Jian Council.
  3339 | D:3      | Reached XP level 5. HP: 28/28 MP: 9/9
  3395 | D:3      | Found a basalt altar of Yredelemnul.
  3586 | D:4      | Noticed an ogre
  3883 | D:4      | Found a glowing drain.
  3887 | Sewer    | Entered a sewer
  3945 | Sewer    | Noticed Pargi
  3976 | Sewer    | Killed Pargi
  3977 | Sewer    | Reached skill level 3 in Short Blades
  3977 | Sewer    | Reached skill level 6 in Stealth
  3977 | Sewer    | Reached skill level 3 in Spellcasting
  4096 | D:4      | Reached XP level 6. HP: 32/32 MP: 10/10
  4100 | D:4      | Learned a level 3 spell: Dazzling Flash
  4687 | D:4      | Reached skill level 4 in Dodging
  4687 | D:4      | Reached skill level 6 in Hexes
  4938 | D:5      | Entered Level 5 of the Dungeon
  5111 | D:5      | Reached XP level 7. HP: 36/36 MP: 3/12
  5440 | D:5      | Reached skill level 7 in Stealth
  5631 | D:5      | Found a stormy altar of Qazlal.
  5823 | D:5      | Reached skill level 4 in Short Blades
  5929 | D:5      | Noticed a yak
  5959 | D:5      | Reached skill level 4 in Spellcasting
  5959 | D:5      | Reached skill level 7 in Hexes
  6474 | D:6      | Reached skill level 5 in Dodging
  6474 | D:6      | Reached XP level 8. HP: 41/41 MP: 11/14
  6544 | D:6      | Reached skill level 8 in Stealth
  6679 | D:6      | Found a runed translucent gate.
  6681 | D:6      | Found a runed translucent gate.
  6682 | D:6      | Found a runed translucent gate.
  6703 | D:6      | Noticed zoefcunningham's ghost (novice MiBe)
  6767 | D:6      | Noticed Menkaure
  6771 | D:6      | Killed Menkaure
  6772 | D:6      | Reached skill level 5 in Short Blades
  6825 | D:6      | Found a staircase to the Ecumenical Temple.
  6852 | D:6      | Reached skill level 8 in Hexes
  7692 | D:7      | Reached skill level 9 in Stealth
  7692 | D:7      | Reached skill level 5 in Spellcasting
  7716 | D:7      | Noticed Joseph
  7777 | D:7      | Noticed a two-headed ogre
  7862 | D:7      | Reached skill level 6 in Dodging
  8289 | D:5      | Reached XP level 9. HP: 25/45 MP: 11/16
  8666 | D:7      | Found an opulent altar of Gozag.
  8670 | D:7      | Noticed Harold
  8690 | D:7      | Found a burning altar of Makhleb.
  8775 | D:7      | Killed a two-headed ogre
  8776 | D:7      | Reached skill level 6 in Short Blades
  8776 | D:7      | Reached skill level 10 in Stealth
  8776 | D:7      | Reached skill level 9 in Hexes
  8905 | D:7      | Killed Joseph
  8919 | D:7      | Noticed Duvessa
  8919 | D:7      | Noticed Dowan
  8932 | D:7      | Killed Duvessa
  8933 | D:7      | Reached skill level 7 in Dodging
  9127 | D:7      | Reached skill level 6 in Spellcasting
  9363 | D:7      | Reached skill level 10 in Hexes
  9603 | D:8      | Found a flagged portal.
  9613 | Bailey   | Entered a bailey
  9729 | Bailey   | Reached skill level 7 in Short Blades
  9772 | Bailey   | Noticed an orc knight
  9827 | Bailey   | Killed an orc knight
  9828 | Bailey   | Reached skill level 11 in Stealth
  9828 | Bailey   | Reached XP level 10. HP: 48/50 MP: 14/19
  9839 | Bailey   | Noticed an orc knight
  9874 | Bailey   | Quit the game

Vanquished Creatures
  A two-headed ogre (D:7)
  An orc knight (Bailey)
  Joseph (D:7)
  A yak (D:5)
  Menkaure (D:6)
  A water moccasin (D:7)
  Pargi (Sewer)
  An orc warrior (Bailey)
  An ogre (D:5)
  3 centaurs
  A phantom (D:6)
  6 kobold brigands
  2 wyvern zombies (D:7)
  A bullfrog (D:6)
  A water moccasin skeleton (D:6)
  5 howler monkeys
  6 killer bees (D:7)
  3 centaur zombies
  A bullfrog zombie (D:5)
  3 jellies
  3 centaur skeletons
  2 hounds (D:5)
  4 iguanas
  4 orc wizards
  A killer bee zombie (D:7)
  A howler monkey zombie (D:5)
  4 gnolls
  A river rat (D:4)
  6 adders
  A howler monkey skeleton (D:6)
  A shadow imp (D:5)
  A white imp (D:5)
  An ufetubus (D:6)
  A worm (D:2)
  4 dart slugs
  18 orcs
  2 endoplasms
  7 giant cockroaches
  A hobgoblin (D:1)
  21 kobolds
  6 quokkas
  2 ball pythons
  12 bats
  2 frilled lizards (D:3)
  6 goblins
  7 rats
160 creatures vanquished.

Vanquished Creatures (collateral kills)
  Duvessa (D:7)
  An ogre (D:4)
2 creatures vanquished.

Vanquished Creatures (others)
  2 dancing weapons (D:7)
2 creatures vanquished.

Grand Total: 164 creatures vanquished

Table legend: (Time is in decaauts)
 A = Elapsed time spent in this place.
 B = Non-inter-level travel time spent in this place.
 C = Inter-level travel time spent in this place.
 D = Time resting spent in this place.
 E = Time spent auto-exploring this place.
 F = Levels seen in this place.
 G = Mean time per level.
                   A        B        C        D        E       F      G
               +--------+--------+--------+--------+--------+-----+--------+
         Total |   9666 |   8470 |   1196 |   1126 |   5148 |  10 |  966.6 |
       Dungeon |   9313 |   8117 |   1196 |   1096 |   5059 |   8 | 1164.1 |
         Sewer |    145 |    145 |      0 |     14 |     56 |   1 |  145.0 |
        Bailey |    208 |    208 |      0 |     16 |     33 |   1 |  208.0 |
               +--------+--------+--------+--------+--------+-----+--------+

Top non-repeatable levels by time:
     D:3: 1557 daAuts
     D:5: 1510 daAuts
     D:6: 1485 daAuts
     D:4: 1316 daAuts
     D:7: 1303 daAuts
     D:1: 1090 daAuts
     D:2: 880 daAuts
  Bailey: 208 daAuts
     D:8: 168 daAuts
   Sewer: 145 daAuts

Table legend:
 A = Non-vault XP
 B = Vault XP
 C = Vault XP percentage of total XP
 D = Non-vault monster count
 E = Vault monster count
 F = Vault count percentage of total count
                 A         B        C        D         E       F
            +---------+---------+-------+---------+---------+-------
      Total |    3489 |    2733 |  43.9 |     114 |      48 |  29.6
            +---------+---------+-------+---------+---------+-------
        D:1 |      33 |       0 |   0.0 |      10 |       0 |   0.0
        D:2 |      81 |       0 |   0.0 |      18 |       0 |   0.0
        D:3 |      89 |       0 |   0.0 |      21 |       0 |   0.0
        D:4 |     215 |      20 |   8.5 |      16 |       6 |  27.3
        D:5 |     397 |     601 |  60.2 |      11 |      13 |  54.2
        D:6 |     800 |     172 |  17.7 |      19 |       1 |   5.0
        D:7 |    1874 |     587 |  23.9 |      19 |       2 |   9.5
      Sewer |       0 |     148 | 100.0 |       0 |       9 | 100.0
     Bailey |       0 |    1205 | 100.0 |       0 |      17 | 100.0
            +---------+---------+-------+---------+---------+-------
